 Dungeon Crawl Stone Soup version 0.28.0-53-g5a82cb258f (webtiles) character file.

Game seed: 8805725747794319581

38810 jjjjhere the Grappler (level 13, -2/135 HPs)
             Began as a Troll Delver on July 30, 2022.
             Was an Elder of Fedhas.
             Slain by a six-headed hydra (10 damage)
             ... on level 5 of the Lair of Beasts.
             The game lasted 00:26:37 (15079 turns).

jjjjhere the Grappler (Troll Delver)               Turns: 15079, Time: 00:26:38

Health: -2/135     AC:  5    Str: 31    XL:     13   Next: 65%
Magic:  20/20      EV: 14    Int: 12    God:    Fedhas [****..]
Gold:   892        SH:  0    Dex: 19    Spells: 12/12 levels left

rFire   . . .      SeeInvis .     - Unarmed
rCold   . . .      Faith    .   (no shield)
rNeg    . . .      Spirit   .   a - +0 robe
rPois   .          Reflect  .   (helmet restricted)
rElec   .          Harm     .   o - +0 cloak
rCorr   .          Rampage  .   (gloves unavailable)
Will    .....                   (boots unavailable)
Stlth   +.........              (no amulet)
HPRegen 1.12/turn               G - ring of Eciomefi {Int+6 Dex+6 Stlth-}
MPRegen 0.17/turn               p - +6 ring of strength

@: about to teleport
A: large, unfitting armour, claws 3, regeneration 1, shaggy fur 1, tough skin 1
a: Renounce Religion, Wall of Briars, Grow Ballistomycete, Overgrow


You were on level 5 of the Lair of Beasts.
You worshipped Fedhas.
Fedhas was greatly pleased with you.
You visited 2 branches of the dungeon, and saw 14 of its levels.
You also visited: Bailey.

You collected 913 gold pieces.
You spent 21 gold pieces at shops.

Inventory:

Missiles
 j - 3 atropa-tipped darts
 n - 2 throwing nets
 D - 9 boomerangs (quivered)
Armour
 a - a +0 robe (worn)
 o - a +0 cloak (worn)
Jewellery
 k - a +6 ring of dexterity
 p - a +6 ring of strength (right claw)
 u - a ring of protection from cold
 A - a ring of positive energy
 G - the ring of Eciomefi (left claw) {Int+6 Dex+6 Stlth-}
   (You found it on level 5 of the Lair of Beasts)

   [ring of dexterity]

   Int:       It affects your intelligence (+6).
   Dex:       It affects your dexterity (+6).
   Stlth:     It makes you less stealthy.
Wands
 f - a wand of digging (3)
 v - a wand of iceblast (7)
 y - a wand of flame (16)
 C - a wand of mindburst (29)
 F - a wand of paralysis (4)
Scrolls
 b - a scroll of fog
 c - 4 scrolls of magic mapping
 d - 4 scrolls of fear
 h - 2 scrolls of teleportation
 l - a scroll of enchant armour
 q - a scroll of blinking
 x - a scroll of amnesia
Potions
 e - 4 potions of haste
 g - 5 potions of curing
 i - 3 potions of attraction
 m - a potion of heal wounds
 r - 2 potions of brilliance
 s - a potion of mutation
 t - 3 potions of degeneration
 w - a potion of cancellation
 z - a potion of berserk rage
 B - a potion of ambrosia
 E - a potion of might
 H - a potion of magic {unknown}


   Skills:
 - Level 10.5 Fighting
 + Level 4.7 Throwing
 - Level 7.5 Dodging
 - Level 2.7 Stealth
 + Level 13.1 Unarmed Combat
 + Level 11.7 Invocations


You had 12 spell levels left.
You didn't know any spells.
Your spell library contained the following spells:

 Spells                   Type           Power      Damage    Failure   Level
 Corpse Rot               Necr/Air       0%         N/A       45%         2
 Ensorcelled Hibernation  Hex/Ice        0%         N/A       45%         2
 Poisonous Vapours        Pois/Air       0%         N/A       45%         2
 Inner Flame              Hex/Fire       0%         N/A       69%         3
 Spider Form              Tmut/Pois      0%         N/A       69%         3
 Stone Arrow              Conj/Erth      0%         3d7       69%         3
 Anguish                  Hex/Necr       0%         N/A       97%         4
 Animate Armour           Summ/Erth      0%         N/A       97%         4
 Cause Fear               Hex            0%         N/A       97%         4
 Dispel Undead            Necr           0%         3d6       97%         4
 Death Channel            Necr           0%         N/A       100%        6
 Discord                  Hex            0%         N/A       100%        8
 Lehudib's Crystal Spear  Conj/Erth      0%         10d2      100%        8


Dungeon Overview and Level Annotations

Branches:
Dungeon (8/15)             Temple (0/1) D:7            Lair (6/6) D:8
  Swamp (0/4) Lair:4       Spider (0/4) Lair:2       Bailey (visited)
  Slime: Lair:5-6

Altars:
Fedhas
Hepliaklqana
Kikubaaqudgha
Makhleb
Uskayaw

Shops:
D:2 (

Annotations:
D:6 1 runed translucent door, cbfl8's ghost, novice MiBe
D:8 3 runed translucent doors, turdburglar's ghost, novice GnFi


Innate Abilities, Weirdness & Mutations

You are too large for most types of armour.
You have claws for hands.
Your natural rate of healing is unusually fast.
You are covered in fur. (AC +1)
You have tough skin. (AC +1)


Message History

(N) Spider Nest
Where to? (Enter - Lair:5 @ (x,y), ? - help)
There is a stone staircase leading down, spattered with blood here.
You climb downwards.
The six-headed hydra completely misses you.
The six-headed hydra misses you.
The six-headed hydra bites you but does no damage.
The six-headed hydra bites you. The six-headed hydra bites you! x2
There is a stone staircase leading up, spattered with blood here.
Unknown command.
The six-headed hydra bites you.
The six-headed hydra closely misses you.
The six-headed hydra bites you! The six-headed hydra bites you.
The six-headed hydra completely misses you.
The six-headed hydra misses you.
You climb upwards.
Your ballistomycete disappears in a puff of smoke!
There is a stone staircase leading down, spattered with blood here.
Unknown command.
The six-headed hydra bites you!
The six-headed hydra bites you but does no damage.
The six-headed hydra bites you. The six-headed hydra bites you!
The six-headed hydra closely misses you.
The six-headed hydra bites you! The six-headed hydra bites you!
The six-headed hydra barely misses you. The six-headed hydra bites you!
The six-headed hydra bites you but does no damage. x2
The six-headed hydra bites you!
* * * LOW HITPOINT WARNING * * *
As you read the scroll of teleportation, it crumbles to dust.
You feel strangely unstable. The six-headed hydra bites you!
* * * LOW HITPOINT WARNING * * *
The six-headed hydra bites you.
* * * LOW HITPOINT WARNING * * *
The six-headed hydra bites you!
* * * LOW HITPOINT WARNING * * *
The six-headed hydra completely misses you.
The six-headed hydra bites you!
You die...
Fedhas appreciates your contribution to the ecosystem.

#####...# #####.##..## ##
#.##....### ##......P.##
.###.......#.###...P.....#
...#.......#..#.........##
.........>.........##...##
##..................###..#
#...#.......##...†.###.#.#
##.#....##.####D..## ###.##
##.#..##### ##.@.# ##.#.#
###..# ###....## #...##
#...#####.##....####.P#
##......##......#.#########
#.#................####.#.##
#.....................#....#
#.......................#.##
###.........##..........#####
............##.........##


You could see a six-headed hydra.

Vanquished Creatures
  5 hydras
  2 catoblepae
  A two-headed ogre (D:5)
  8 death yaks
  Urug (Lair:4)
  A lindwurm (Lair:6)
  Pikel (D:6)
  4 elephants
  A black mamba (Lair:5)
  10 cane toads
  7 komodo dragons
  A rime drake (Lair:4)
  A tyrant leech (Lair:4)
  A slime creature (Lair:5)
  Grinder (D:6)
  10 blink frogs
  3 jumping spiders (Lair:2)
  4 culicivoras (Lair:2)
  7 spriggans (Lair:2)
  10 wyverns
  7 basilisks
  46 yaks
  3 redbacks (Lair:2)
  2 steam dragons
  3 swamp worms (Lair:4)
  11 water moccasins
  A sky beast (D:7)
  An ice beast (D:6)
  3 orc warriors
  5 black bears
  A necrophage (D:5)
  3 ogres
  6 wolves (Lair:5)
  3 centaurs
  2 lemures (D:6)
  2 kobold brigands
  11 bullfrogs
  A scorpion (D:6)
  5 wights (D:7)
  An electric eel (Bailey)
  3 howler monkeys
  5 centaur zombies (D:8)
  4 jellies (Lair:5)
  A bullfrog zombie (D:5)
  5 hounds
  A human zombie (D:8)
  A bullfrog skeleton (D:6)
  3 orc priests
  6 iguanas
  7 orc wizards
  A killer bee zombie (D:8)
  A hound zombie (D:5)
  A hound skeleton (D:5)
  5 mummies (D:8)
  2 howler monkey zombies (D:8)
  6 adders
  3 white imps
  2 ufetubi
  An adder skeleton (D:4)
  6 dart slugs
  27 orcs
  22 endoplasms
  5 giant cockroaches
  15 goblins
  11 hobgoblins
  6 jackals
  3 quokkas (D:2)
  5 ball pythons
  2 bats
  A frilled lizard (D:1)
  12 kobolds
  6 rats
375 creatures vanquished.

Vanquished Creatures (collateral kills)
  A hydra (Lair:3)
  A blink frog (Lair:3)
  2 yaks (Lair:1)
  A gnoll (Bailey)
  A goblin (Bailey)
  A hobgoblin (Bailey)
  2 kobolds (D:5)
  37 ballistomycete spores
46 creatures vanquished.

Vanquished Creatures (others)
  A ballistomycete spore (Lair:4)
  3 bushes (Lair:6)
  59 fungi
  47 plants
  4 toadstools (D:1)
114 creatures vanquished.

Grand Total: 535 creatures vanquished

Notes
Turn   | Place    | Note
-------+----------+-------------------------------------------
     0 | D:5      | jjjjhere the Troll Delver began the quest for the Orb.
     0 | D:5      | Reached XP level 1. HP: 22/22 MP: 0/0
    16 | D:5      | Reached XP level 2. HP: 28/29 MP: 1/1
   130 | D:5      | Noticed a centaur
   132 | D:5      | Noticed a black bear
   132 | D:5      | Noticed a two-headed ogre
   240 | D:4      | Reached skill level 3 in Unarmed Combat
   240 | D:4      | Reached XP level 3. HP: 37/37 MP: 2/2
   269 | D:4      | Reached XP level 4. HP: 26/45 MP: 3/3
   367 | D:3      | Found a faded altar of an unknown god.
   381 | D:3      | Prayed at the altar of an unknown god.
   381 | D:3      | Became a worshipper of Fedhas Madash
   381 | D:3      | Reached * piety under Fedhas
   524 | D:2      | Reached skill level 4 in Unarmed Combat
   557 | D:1      | Reached ** piety under Fedhas
  1201 | D:1      | Reached XP level 5. HP: 53/53 MP: 4/4
  1341 | D:2      | Found Cicleunao's Weapon Shoppe.
  1349 | D:2      | Bought 3 atropa-tipped darts for 21 gold pieces
  2022 | D:4      | Reached skill level 5 in Unarmed Combat
  2034 | D:4      | Reached *** piety under Fedhas
  2176 | D:4      | Reached XP level 6. HP: 58/62 MP: 5/5
  2378 | D:4      | Noticed a water moccasin
  2387 | D:4      | HP: 20/62 [poisoned by a water moccasin]
  2392 | D:4      | HP: 10/62 [water moccasin (6)]
  2395 | D:4      | Killed a water moccasin
  2396 | D:4      | Reached skill level 1 in Invocations
  2742 | D:4      | Found a hazy altar of Hepliaklqana.
  2958 | D:5      | Reached skill level 6 in Unarmed Combat
  2958 | D:5      | Reached XP level 7. HP: 63/70 MP: 3/7
  2967 | D:5      | Killed a two-headed ogre
  2968 | D:5      | Reached skill level 7 in Unarmed Combat
  2968 | D:5      | Reached XP level 8. HP: 48/79 MP: 4/9
  3159 | D:5      | Reached skill level 5 in Fighting
  3208 | D:5      | Reached skill level 8 in Unarmed Combat
  3962 | D:6      | Noticed Grinder
  3969 | D:6      | Killed Grinder
  3989 | D:6      | Found a runed translucent door.
  3990 | D:6      | Noticed cbfl8's ghost (novice MiBe)
  3992 | D:6      | Noticed a cyclops
  4040 | D:6      | Noticed Pikel
  4080 | D:6      | Killed Pikel
  4081 | D:6      | Reached skill level 9 in Unarmed Combat
  4081 | D:6      | Reached XP level 9. HP: 59/89 MP: 8/11
  4231 | D:6      | Found a burning altar of Makhleb.
  4515 | D:6      | Reached skill level 5 in Invocations
  4796 | D:7      | Found a flagged portal.
  4808 | Bailey   | Entered a bailey
  4876 | Bailey   | Reached **** piety under Fedhas
  4901 | Bailey   | Reached skill level 10 in Unarmed Combat
  4970 | Bailey   | Noticed an orc knight
  4981 | Bailey   | Noticed an orc knight
  5013 | D:7      | HP: 29/91 [orc warrior/+0 war axe (25)]
  5149 | D:7      | HP: 28/92 [centaur/arrow (7)]
  5152 | D:7      | HP: 11/92 [poisoned by a kobold]
  5157 | D:7      | HP: 12/92 [poisoned by a kobold]
  5162 | D:7      | HP: 9/92 [poisoned by a kobold]
  5256 | D:7      | Found a hide-covered altar of Uskayaw.
  5317 | D:7      | Found a staircase to the Ecumenical Temple.
  5558 | D:7      | Reached XP level 10. HP: 92/100 MP: 13/13
  6133 | D:8      | Found a staircase to the Lair.
  6133 | D:8      | Noticed an elephant
  6150 | D:8      | Reached skill level 11 in Unarmed Combat
  6181 | D:8      | Killed an elephant
  6209 | D:8      | Found a runed translucent gate.
  6209 | D:8      | Found a runed translucent gate.
  6209 | D:8      | Found a runed translucent gate.
  6216 | D:8      | Noticed turdburglar's ghost (novice GnFi)
  6558 | D:8      | Found an ancient bone altar of Kikubaaqudgha.
  6759 | Lair:1   | Entered Level 1 of the Lair of Beasts
  6994 | Lair:1   | Noticed a cane toad
  7016 | Lair:1   | Killed a cane toad
  7023 | Lair:1   | Reached skill level 12 in Unarmed Combat
  7226 | Lair:1   | Reached XP level 11. HP: 80/111 MP: 13/15
  7941 | Lair:2   | Reached ***** piety under Fedhas
  8364 | Lair:2   | Noticed a catoblepas
  8724 | Lair:2   | HP: 37/113 [jumping spider (1)]
  8728 | Lair:2   | HP: 18/113 [jumping spider (4)]
  9014 | Lair:2   | Found a hole to the Spider Nest.
  9459 | Lair:3   | Reached skill level 5 in Dodging
  9707 | Lair:3   | Killed a catoblepas
  9708 | Lair:3   | Reached XP level 12. HP: 91/123 MP: 13/17
 10069 | Lair:3   | Noticed a death yak
 10069 | Lair:3   | Noticed a death yak
 10107 | Lair:3   | Killed a death yak
 10185 | Lair:3   | Noticed a death yak
 10186 | Lair:3   | Noticed a death yak
 10206 | Lair:3   | Noticed a death yak
 10210 | Lair:3   | Killed a death yak
 10213 | Lair:3   | Killed a death yak
 10224 | Lair:3   | Killed a death yak
 10224 | Lair:3   | HP: 29/126 [death yak (22)]
 10228 | Lair:3   | Killed a death yak
 10430 | Lair:3   | Noticed a four-headed hydra
 10457 | Lair:3   | Killed a four-headed hydra
 10777 | Lair:4   | Noticed a four-headed hydra
 10906 | Lair:4   | Reached skill level 10 in Fighting
 11052 | Lair:4   | Noticed Urug
 11064 | Lair:4   | Killed Urug
 11065 | Lair:4   | Reached skill level 10 in Invocations
 11245 | Lair:4   | Noticed a catoblepas
 11263 | Lair:4   | Killed a catoblepas
 11634 | Lair:4   | Killed a four-headed hydra
 11704 | Lair:4   | Noticed a five-headed hydra
 11739 | Lair:4   | Killed a five-headed hydra
 11778 | Lair:4   | Found a staircase to the Swamp.
 12174 | Lair:4   | HP: 28/127 [wyvern (17)]
 12174 | Lair:4   | HP: 10/127 [cane toad (18)]
 12175 | Lair:4   | HP: 4/127 [poisoned by a cane toad]
 12479 | Lair:4   | Reached XP level 13. HP: 95/135 MP: 18/20
 12522 | Lair:5   | Reached skill level 1 in Throwing
 12661 | Lair:5   | Identified the ring of Eciomefi {Int+6 Dex+6 Stlth-}
 13536 | Lair:6   | Entered Level 6 of the Lair of Beasts
 14122 | Lair:6   | Identified the +10 quarterstaff "Naecili" {flame, Drain rC+
                  | rN+++ Dex-5}
 14239 | Lair:5   | HP: 31/135 [death yak (21)]
 14247 | Lair:5   | HP: 14/135 [death yak (25)]
 14594 | Lair:5   | Reached skill level 13 in Unarmed Combat
 15077 | Lair:5   | HP: 41/135 [six-headed hydra (15)]
 15079 | Lair:5   | HP: 17/135 [six-headed hydra (6)]
 15079 | Lair:5   | HP: 8/135 [six-headed hydra (9)]
 15079 | Lair:5   | Slain by a six-headed hydra

Illustrated notes

Levels and vault maps discovered:
D:1:      dpeg_arrival_morbid_curiosity, layout_rooms, minmay_gold_behind_fungi
D:2:      layout_basic, serial_shops, shop
D:3:      layout_rooms, hellmonk_ecumenical_altar_heavens_door
D:4:      layout_loops_ring, worldfamousw_hep_ancestral_shrine
D:5:      layout_basic, serial_corexii_hall, chequers_hall_statues_wall_a,
          chequers_hall_statues_y, chequers_hall_statues_corner_a,
          minmay_chambers_of_fives
D:6:      layout_loops_cross, makhleb_heckhound_becter,
          ebering_ghost_inner_flame, uniq_pikel, uniq_grinder
D:7:      layout_loops_cross, nicolae_uskayaw_dance_hall, temple_fountains,
          enter_bailey_3, chequers_serial_rivers_micro_d
D:8:      layout_cave_pools, lemuel_mausoleum_altar_kikubaaqudgha,
          david_lair_generic, gammafunk_ghost_split,
          chequers_serial_rivers_micro_d, grunt_ministairs_1
Lair:1:   layout_roguey
Lair:2:   kb_forest_paths, layout_loops_ring, nicolae_spider_entry_tight_spaces,
          nicolae_quartered_pool_impasse
Lair:3:   layout_cave_pods
Lair:4:   layout_regular_city, palyth_hydra_swamp_entry, lemuel_fruit_tree,
          uniq_urug
Lair:5:   lemuel_slime, layout_layer_cave
Lair:6:   cheibrodos_lair_end_hotspot, layout_misc_corridors, slime_dummy,
          wad_woods_06, st_stairs_4

Skill      XL: |  1  2  3  4  5  6  7  8  9 10 11 12 13 |
---------------+----------------------------------------+-----
Fighting       | 3 4 5 6 7 9 10 | 10.5
Unarmed Combat | 3 4 5 6 7 9 10 12 13 | 13.1
Invocations    | 1 3 4 5 7 9 10 11 | 11.7
Dodging        | 2 5 7 |  7.5
Throwing       | 4 |  4.7
Stealth        | |  2.7

Action                   |  1- 3 |  4- 6 |  7- 9 | 10-12 | 13-15 || total
-------------------------+-------+-------+-------+-------+-------++-------
Melee: Unarmed           |    23 |   179 |   214 |   466 |   228 ||  1110
       Punch             |     1 |     4 |    15 |    39 |    21 ||    80
Throw: Dart              |       |     3 |       |       |       ||     3
       Boomerang         |       |       |       |       |     3 ||     3
Invok: Wall of Briars    |       |     2 |     9 |     6 |     1 ||    18
       Grow Ballistomyce |       |       |     1 |     6 |     4 ||    11
       Overgrow          |       |       |       |     1 |       ||     1
       Grow Oklob        |       |       |       |     1 |       ||     1
Evoke: Wand              |       |       |       |     1 |       ||     1
  Use: Scroll            |       |     9 |     3 |     8 |     2 ||    22
       Potion            |       |     2 |     2 |     2 |       ||     6
 Stab: Sleeping          |     1 |     9 |     6 |     9 |       ||    25
       Confused          |       |       |       |     4 |       ||     4
       Distracted        |       |       |       |     1 |       ||     1
Armor: Robe              |     5 |    62 |    46 |    81 |    41 ||   235
       Skin              |       |     3 |       |       |       ||     3
Dodge: Dodged            |     9 |    89 |    80 |   223 |   126 ||   527
